 Dungeon Crawl Stone Soup version 0.27.0-1-g7a08968 (webtiles) character file.

Game seed: 12698722793789224541

3702 Illumine the Cleaver (level 9, -1/82 HPs)
             Began as a Minotaur Gladiator on Aug 6, 2021.
             Was an Initiate of Gozag.
             Killed from afar by an electric eel (5 damage)
             ... with a bolt of electricity
             ... on level 7 of the Dungeon.
             The game lasted 00:08:05 (7224 turns).

Illumine the Cleaver (Minotaur Gladiator)           Turns: 7224, Time: 00:08:06

Health: -1/82      AC: 16    Str: 21    XL:     9   Next: 91%
Magic:  8/8        EV: 11    Int: 16    God:    Gozag
Gold:   263        SH:  0    Dex: 10    Spells: 8/8 levels left

rFire    . . .     SeeInvis .   a - +0 war axe
rCold    . . .     Faith    .   (no shield)
rNeg     . . .     Spirit   .   J - +5 ring mail of Modesty {Will++ Int+5 Dex-3}
rPois    .         Reflect  .   c - +0 hat
rElec    .         Harm     .   B - +1 cloak
rCorr    .         Rampage  .   z - +0 pair of gloves
Will     +++..                  k - +0 pair of boots
Stlth    ..........             (no amulet)
HPRegen  0.23/turn              l - +6 ring of intelligence
MPRegen  0.11/turn              w - ring of willpower

@: no status effects
A: horns 2, retaliatory headbutt
a: Renounce Religion, Potion Petition, Call Merchant, Bribe Branch


You were on level 7 of the Dungeon.
You worshipped Gozag.
Gozag was aware of your devotion.
You visited 2 branches of the dungeon, and saw 8 of its levels.

You collected 374 gold pieces.
You paid 111 gold pieces to Gozag.

Inventory:

Hand Weapons
 a - a +0 war axe (weapon)
 d - a +3 flail of freezing
 N - a +2 hunting sling of freezing
Missiles
 e - 63 sling bullets
 o - 149 stones (quivered)
 y - 98 bolts
 F - 3 throwing nets
Armour
 c - a +0 hat (worn)
 k - a +0 pair of boots (worn)
 u - a +0 plate armour
 z - a +0 pair of gloves (worn)
 B - a +1 cloak (worn)
 H - the +1 chain mail of Wipsyphu {rF+}
   (You found it on level 7 of the Dungeon)

   rF:        It protects you from fire.
 J - the +5 ring mail of Modesty (worn) {Will++ Int+5 Dex-3}
   (You found it on level 7 of the Dungeon)

   Int:       It affects your intelligence (+5).
   Dex:       It affects your dexterity (-3).
   Will:      It greatly increases your willpower.
Jewellery
 l - a +6 ring of intelligence (left hand)
 w - a ring of willpower (right hand)
Wands
 m - a wand of flame (23)
 x - a wand of digging (5)
 I - a wand of paralysis (6)
 L - a wand of acid (6)
 M - a wand of polymorph (7)
Scrolls
 n - 4 scrolls of enchant armour
 p - a scroll of acquirement {unknown}
 r - 2 scrolls of fog {unknown}
 s - a scroll of magic mapping {unknown}
 t - 4 scrolls of fear
 v - 2 scrolls of noise {unknown}
 A - 3 scrolls of immolation {unknown}
 E - a scroll of vulnerability {unknown}
Potions
 f - 4 potions of curing
 g - 2 potions of haste
 h - 2 potions of mutation
 i - 3 potions of heal wounds
 j - 2 potions of attraction
 q - 2 potions of berserk rage
 C - 2 potions of cancellation {unknown}
 D - a potion of ambrosia
 G - a potion of invisibility {unknown}
 K - a potion of might {unknown}


   Skills:
 + Level 8.8 Fighting
 * Level 12.1 Axes
 + Level 2.2 Throwing
 + Level 8.3 Armour
 + Level 3.5 Dodging
 + Level 0.7 Evocations


You had 8 spell levels left.
You didn't know any spells.
Your spell library contained the following spells:

 Spells                   Type           Power      Damage    Failure   Level
 Animate Skeleton         Necr           0%         N/A       36%         1
 Pain                     Necr           0%         1d4       36%         1
 Sublimation of Blood     Necr           0%         N/A       50%         2
 Vampiric Draining        Necr           0%         2d6       75%         3
 Animate Armour           Summ/Erth      0%         N/A       98%         4
 Petrify                  Tmut/Erth      0%         N/A       98%         4
 Blade Hands              Tmut           0%         N/A       100%        5
 Irradiate                Conj/Tmut      0%         3d13      100%        5
 Iron Shot                Conj/Erth      0%         9d1       100%        6


Dungeon Overview and Level Annotations

Branches:
Dungeon (7/15)             Temple (1/1) D:7

Altars:
Ashenzari
Dithmenos
Elyvilon
Fedhas
Gozag
Hepliaklqana
Makhleb
Okawaru
Ru
Sif Muna
Uskayaw
Vehumet
Wu Jian
Xom
Zin
The Shining One

Annotations:
D:7 2 transporters, spindart's ghost, novice DsAK


Innate Abilities, Weirdness & Mutations

You have a pair of horns on your head.
You reflexively headbutt those who attack you in melee.


Message History

The electric eel shoots out a bolt of lightning at you!
The bolt of electricity hits you.
You miss the electric eel.
The electric eel shoots out a bolt of lightning at you!
The bolt of electricity hits you.
The electric eel shoots out a bolt of lightning at you!
The bolt of electricity hits you.
The electric eel shoots out a bolt of lightning at you!
The bolt of electricity hits you.
The electric eel shoots out a bolt of lightning at you!
The bolt of electricity hits you!
* * * LOW HITPOINT WARNING * * *
The bolt of electricity hits the plant!
The plant begins to die.
Unknown command.
You hit the electric eel. You headbutt the electric eel!
The electric eel is severely wounded.
You barely miss the electric eel.
The electric eel is severely wounded.
You closely miss the electric eel.
The electric eel shoots out a bolt of lightning at you!
The bolt of electricity misses you.
The bolt of electricity hits the plant!
Unknown command.
You hit the electric eel but do no damage.
You headbutt the electric eel.
The electric eel is almost dead.
You hit the electric eel.
The electric eel shoots out a bolt of lightning at you!
The bolt of electricity hits you.
* * * LOW HITPOINT WARNING * * *
The electric eel shoots out a bolt of lightning at you!
The bolt of electricity hits you!
* * * LOW HITPOINT WARNING * * *
The bolt of electricity hits the plant!
You barely miss the electric eel.
The electric eel is almost dead.
You closely miss the electric eel.
The electric eel shoots out a bolt of lightning at you!
The bolt of electricity hits you.
You die...
Your body crumbles into a pile of gold.

##P♣♣♣♣♣## #########
###≈≈≈≈P≈≈P #.......##
♣♣≈≈≈≈≈≈≈≈≈♣ #.........
P≈≈≈≈≈≈≈≈PP♣# #.........
P≈≈≈≈≈≈≈≈≈P≈♣##.......).
P≈≈≈≈≈≈≈≈PP≈≈≈........##
P≈≈≈≈≈;♣;≈.≈.♣........#
♣≈≈≈≈≈.@.≈............##
..?.....................
........≈..≈≈≈≈≈........
...≈P≈.≈≈≈≈≈≈♣♣≈........
##♣≈≈≈≈≈≈≈≈≈♣♣####..##..
#♣≈≈≈♣≈≈≈♣♣.#####.####
..♣♣♣♣♣♣♣♣.....##..#
#####.♣♣♣♣♣......###.#
#................# #.#


You could see 2 electric eels.

Vanquished Creatures
  Pikel (D:5)
  Joseph (D:7)
  A centaur zombie (D:7)
  Prince Ribbit (D:6)
  A wyvern (D:7)
  Menkaure (D:4)
  A water moccasin (D:6)
  2 sky beasts (D:7)
  2 ice beasts
  A necrophage (D:5)
  2 ogres (D:5)
  A phantom (D:5)
  A lemure (D:5)
  A bullfrog (D:7)
  A gnoll sergeant (D:6)
  4 scorpions
  4 wights (D:6)
  An electric eel (D:7)
  A bullfrog skeleton (D:6)
  A bullfrog zombie (D:6)
  3 hounds
  2 centaur skeletons
  An orc priest (D:6)
  A jelly (D:6)
  A gnoll shaman (D:5)
  Crazy Yiuf (D:5)
  Terence (D:2)
  An iguana (D:3)
  2 orc wizards
  A killer bee zombie (D:7)
  A hound skeleton (D:5)
  A howler monkey zombie (D:7)
  2 howler monkey skeletons
  6 adders
  10 gnolls
  A white imp (D:4)
  An ufetubus (D:7)
  An adder skeleton (D:4)
  3 dart slugs
  9 orcs
  7 ball pythons
  4 endoplasms
  2 giant cockroaches
  5 goblins
  8 hobgoblins
  16 jackals
  7 kobolds
  3 quokkas
  6 bats
  4 rats
140 creatures vanquished.

Vanquished Creatures (others)
  14 plants (D:7)
14 creatures vanquished.

Grand Total: 154 creatures vanquished

Notes
Turn   | Place    | Note
-------+----------+-------------------------------------------
     0 | D:1      | Illumine the Minotaur Gladiator began the quest for the
                  | Orb.
     0 | D:1      | Reached XP level 1. HP: 18/18 MP: 0/0
   232 | D:1      | Reached skill level 4 in Axes
   232 | D:1      | Reached XP level 2. HP: 20/25 MP: 1/1
   365 | D:1      | Reached skill level 1 in Armour
   658 | D:1      | Found a faded altar of an unknown god.
  1008 | D:1      | Reached XP level 3. HP: 31/31 MP: 2/2
  1754 | D:3      | Noticed Terence
  1768 | D:2      | Killed Terence
  1769 | D:2      | Reached skill level 5 in Axes
  1769 | D:2      | Reached XP level 4. HP: 22/38 MP: 3/3
  2861 | D:4      | Reached XP level 5. HP: 41/46 MP: 4/4
  3119 | D:4      | Reached skill level 6 in Axes
  3120 | D:4      | Noticed Menkaure
  3127 | D:4      | Killed Menkaure
  3128 | D:4      | Reached XP level 6. HP: 22/53 MP: 5/5
  3509 | D:5      | Entered Level 5 of the Dungeon
  3569 | D:5      | Reached skill level 7 in Axes
  3715 | D:5      | Reached skill level 5 in Fighting
  3715 | D:5      | Reached XP level 7. HP: 58/61 MP: 6/6
  3741 | D:5      | Found a runed translucent door.
  3742 | D:5      | Noticed Crazy Yiuf
  3750 | D:5      | Killed Crazy Yiuf
  3921 | D:5      | Reached skill level 8 in Axes
  3943 | D:5      | HP: 3/61 [gnoll (8)]
  3944 | D:5      | Reached skill level 5 in Armour
  4374 | D:5      | Reached XP level 8. HP: 70/70 MP: 7/7
  4815 | D:5      | Reached skill level 9 in Axes
  5045 | D:5      | Noticed Pikel
  5057 | D:5      | Killed Pikel
  5058 | D:5      | Reached skill level 10 in Axes
  5146 | D:6      | Noticed Prince Ribbit
  5553 | D:6      | Reached XP level 9. HP: 35/79 MP: 8/8
  5973 | D:6      | Found a radiant altar of Vehumet.
  6191 | D:6      | Killed Prince Ribbit
  6192 | D:6      | Reached skill level 11 in Axes
  6307 | D:6      | Found a glowing silver altar of Zin.
  6520 | D:7      | Found a staircase to the Ecumenical Temple.
  6527 | D:7      | Identified the +1 chain mail of Wipsyphu {rF+}
  6554 | Temple   | Entered the Ecumenical Temple
  6613 | Temple   | Became a worshipper of Gozag Ym Sagoz the Greedy
  6936 | D:7      | Identified the +5 ring mail of Modesty {Will++ Int+5 Dex-3}
  6977 | D:7      | Noticed a queen bee
  6978 | D:7      | Found a transporter.
  6982 | D:7      | Found a transporter.
  7023 | D:7      | Reached skill level 12 in Axes
  7040 | D:7      | Noticed spindart's ghost (novice DsAK)
  7091 | D:7      | Found a hazy altar of Hepliaklqana.
  7148 | D:7      | Noticed Joseph
  7160 | D:7      | Killed Joseph
  7223 | D:7      | HP: 4/82 [electric eel/bolt of electricity (12)]
  7224 | D:7      | Killed from afar by an electric eel

Illustrated notes

Levels and vault maps discovered:
D:1:      dpeg_arrival_pits, layout_basic,
          chequers_ecumenical_altar_simple_redux, chequers_serial_rivers_room_a
D:2:      layout_basic, uniq_robin
D:3:      wad_crossroads, layout_basic, patterned_corridor, uniq_terence
D:4:      layout_rooms, uniq_menkaure
D:5:      layout_basic, saegor_snake_ambush, uniq_crazy_yiuf_cottage, uniq_pikel
D:6:      layout_rooms, mainiacjoe_overflow_alcove_4,
          nicolae_vehumet_altar_sigil, minmay_fractal_squares_gapless_5,
          uniq_prince_ribbit1
D:7:      layout_basic, mainiacjoe_overflow_alcove_1, minmay_temple_entry_ruins,
          serial_bayou, serial_bayou_shore_a, serial_bayou_pond_c,
          serial_bayou_ford_a, serial_bayou_crossing, gammafunk_ghost_hive,
          amcnicky_mini_pool_small, uniq_joseph
Temple:   dshaligram_water_room_temple

Skill      XL: |  1  2  3  4  5  6  7  8  9 |
---------------+----------------------------+-----
Axes           | 4 5 6 7 8 10 12 | 12.1
Armour         | 1 2 3 4 5 6 8 |  8.3
Fighting       | 3 4 5 6 7 8 |  8.8
Throwing       | |  2.2
Dodging        | |  3.5
Evocations     | |  0.7

Action                   |  1- 3 |  4- 6 |  7- 9 || total
-------------------------+-------+-------+-------++-------
Melee: War axe           |    68 |    91 |   208 ||   367
       Headbutt          |    11 |    12 |    56 ||    79
 Fire: Hunting sling     |     7 |       |     6 ||    13
Throw: Throwing net      |     1 |       |     3 ||     4
  Use: Scroll            |       |       |     9 ||     9
 Stab: Sleeping          |     3 |       |       ||     3
       Held in net/web   |     2 |       |     1 ||     3
Armor: Leather armour    |    17 |       |       ||    17
       Plate armour      |       |    88 |   150 ||   238
       Scale mail        |       |     3 |       ||     3
       Ring mail         |       |       |    15 ||    15
Dodge: Dodged            |    47 |    48 |    69 ||   164
